Map: Neon Violet Square LE

Players

ELF

  • Race: Zerg Zerg
  • Spawn Location: 5:00

axu - Winner!

  • Race: Protoss Protoss
  • League: Platinum
  • Spawn Location: 11:00

VOD

Have the link to the VOD?

Description

Time

  • Played on: April 10, 2018, 9:08 a.m.
  • Length: 19:56
Show
View Real Time Build Order
Export as new Build Order

ELF Zerg 

Build Orders: Hatch First 

Get SALT Encoding   

  12  0:01  Drone  
  13  0:10  Drone  
  14  0:15  Extractor  
  14  0:16  Drone  
  15  0:42  Hatchery  
  14  0:57  Spawning Pool  
  14  0:59  Drone  
  14  1:08  Extractor  
  13  1:14  Drone  
  13  1:17  Overlord  
  14  1:41  Drone  
  14  1:44  Queen  
  17  1:55  Queen  
  17  1:57  Zergling x2  
  17  1:58  Zergling x4  
  17  2:00  Drone  
  23  2:25  Metabolic Boost  
  23  2:30  Queen  
  23  2:36  Drone  
  23  2:37  Drone x2  
  28  2:49  Overlord  
  28  2:50  Overlord  
  28  3:15  Drone x5  
  33  3:30  Zergling x10  
  37  3:44  Spore Crawler  
  37  4:10  Overlord x3  
  37  4:25  Spore Crawler  
  37  4:29  Spore Crawler  
  35  4:35  Roach Warren  
  35  4:37  Lair  
  34  4:56  Drone  
  34  4:57  Drone x7  
  42  5:00  Extractor  
  42  5:06  Overlord x2  
  41  5:09  Queen  
  43  5:33  Hatchery  
  42  5:36  Roach  
  42  5:37  Roach x7  
  58  5:51  Pneumatized Carapace  
  57  6:24  Hydralisk Den  
  56  6:27  Evolution Chamber, Drone  
  56  6:28  Drone x5  
  56  6:30  Drone  
  62  6:33  Overlord x2  
  62  6:34  Overlord  
  62  6:50  Extractor  
  62  6:54  Evolution Chamber  
  60  6:55  Zerg Missile Weapons Level 1  
  60  6:57  Grooved Spines  
  60  6:58  Hydralisk  
  60  6:59  Hydralisk x2  
  66  7:21  Drone x9  
  66  7:22  Drone x2  
  77  7:42  Queen  
  79  7:50  Hydralisk  
  79  7:51  Hydralisk x4  
  81  7:58  Overlord x2  
  89  8:03  Zerg Ground Armor Level 1  
  89  8:32  Muscular Augments  
  89  8:34  Hydralisk x3  
  95  8:50  Zerg Missile Weapons Level 2  
  95  8:55  Extractor  
  94  9:04  Drone x2  
  94  9:05  Drone x7  
  103  9:13  Hydralisk  
  103  9:14  Hydralisk x3  
  111  9:48  Hydralisk  
  111  9:51  Overlord x3  
  111  9:52  Overlord x2  
  113  10:02  Extractor  
  113  10:06  Zerg Ground Armor Level 2  
  112  10:12  Roach x2, Hydralisk  
  112  10:13  Roach x2, Hydralisk x3  
  128  10:15  Hydralisk  
  128  10:18  Zergling x6  
  133  10:33  Zergling x6  
  133  10:34  Zergling x12  
  142  10:42  Hydralisk  
  142  10:43  Hydralisk x2  
  148  11:05  Overlord x2  
  148  11:11  Hatchery  
  147  11:15  Infestation Pit  
  146  11:19  Spore Crawler  
  145  11:28  Roach  
  145  11:29  Roach x10  
  167  11:34  Glial Reconstitution  
  167  11:44  Overlord x3  
  167  11:45  Overlord  
  167  11:46  Overlord  
  165  12:02  Roach  
  165  12:03  Roach x6  
  179  12:16  Hydralisk x8  
  195  12:36  Zergling x12  
  195  12:37  Zergling x6  
  128  12:46  Zergling x4  
  128  12:47  Zergling x8  
  90  13:03  Hydralisk x7  
  89  13:30  Spire  
  88  13:38  Zergling x26  
  101  13:41  Baneling Nest  
  101  13:42  Queen  
  102  14:01  Overseer  
  102  14:24  Hive  
  102  14:25  Centrifical Hooks  
  102  14:27  Zergling x24  
  102  14:28  Zergling x10  
  119  14:47  Drone x4  
  119  14:48  Drone x3  
  119  14:52  Baneling x5  
  126  14:53  Baneling x6  
  126  15:15  Drone x2  
  126  15:16  Drone x6  
  134  15:25  Hydralisk x4  
  134  15:26  Hydralisk x2  
  146  15:37  Greater Spire  
  146  15:44  Baneling  
  146  15:45  Baneling x7  
  146  15:57  Extractor  
  145  16:12  Corruptor x4  
  145  16:13  Corruptor  
  145  16:15  Zergling x20  
  165  16:39  Hatchery  
  164  16:41  Corruptor x2  
  164  16:42  Corruptor  
  170  17:00  Brood Lord x2  
  174  17:03  Brood Lord  
  176  17:12  Extractor  
  175  17:32  Corruptor x3  
  181  17:43  Corruptor  
  183  18:05  Corruptor x3  
  187  18:24  Hydralisk  
  187  18:25  Hydralisk x4  
  151  18:58  Zergling x24  
  119  19:09  Hydralisk x2  
Show
View Real Time Build Order
Export as new Build Order

axu Protoss - Winner!

Build Orders: 1 Gate Expand, Oracle Opening 

Get SALT Encoding   

  12  0:01  Probe  
  13  0:13  Probe  
  14  0:21  Pylon  
  14  0:25  Probe  
  15  0:40  Gateway  
  15  0:46  Probe (Chrono Boost)  
  16  0:52  Assimilator  
  16  0:58  Probe (Chrono Boost)  
  17  1:06  Probe (Chrono Boost)  
  18  1:13  Probe  
  19  1:25  Probe  
  20  1:38  Nexus  
  20  1:43  Cybernetics Core  
  20  1:44  Probe  
  21  1:51  Assimilator  
  21  1:56  Probe  
  21  1:58  Pylon  
  22  2:08  Probe  
  23  2:21  Probe  
  24  2:24  Adept  
  24  2:25  Warp Gate  
  26  2:48  Stargate  
  26  2:54  Probe x2  
  28  3:06  Probe  
  28  3:07  Probe  
  30  3:14  Stalker  
  30  3:17  Gateway  
  29  3:52  Probe  
  29  3:53  Probe  
  29  3:54  Oracle  
  34  4:00  Adept  
  36  4:05  Probe x2  
  36  4:06  Robotics Facility  
  38  4:16  Gateway  
  38  4:17  Gateway  
  38  4:18  Pylon  
  38  4:21  Gateway  
  38  4:25  Twilight Council  
  38  4:27  Probe x2 (Chrono Boost)  
  40  4:37  Probe x2 (Chrono Boost)  
  42  4:39  Assimilator  
  42  4:42  Probe x2 (Chrono Boost)  
  42  4:43  Assimilator  
  44  4:55  Adept x2  
  44  4:57  Probe x2  
  50  5:05  Pylon  
  50  5:08  Pylon  
  50  5:09  Probe x2  
  50  5:10  Pylon  
  52  5:19  Charge  
  52  5:24  Nexus  
  52  5:26  Pylon  
  52  5:34  Probe x2  
  54  5:44  Adept x3  
  54  5:45  Adept x2  
  64  6:10  Probe x2  
  66  6:20  Immortal  
  66  6:22  Probe x2  
  72  6:34  Probe x2  
  74  6:40  Forge  
  74  6:43  Forge  
  74  6:45  Templar Archives  
  74  6:56  Probe x3  
  77  7:03  Immortal  
  77  7:04  Stalker x2  
  77  7:05  Stalker x3  
  92  7:08  Probe  
  92  7:29  High Templar x4  
  100  7:32  Psionic Storm  
  100  7:37  Pylon  
  100  7:39  Pylon  
  100  7:41  Pylon  
  100  7:42  Protoss Ground Weapons Level 1 (Chrono Boost)  
  100  7:43  Observer  
  101  8:04  Photon Cannon  
  101  8:07  Assimilator, Pylon  
  101  8:09  Pylon  
  101  8:12  Assimilator  
  101  8:22  Zealot x3  
  101  8:23  Zealot x2  
  101  8:26  Probe  
  112  8:33  Probe x2  
  112  8:34  Protoss Ground Armor Level 1 (Chrono Boost)  
  114  8:38  Probe  
  115  8:42  Gateway  
  115  8:44  Gateway  
  115  8:45  Probe x2  
  115  8:46  Gateway  
  115  8:47  Gateway  
  117  8:48  Gateway  
  117  8:50  Gateway  
  117  8:57  High Templar x3  
  117  8:58  Immortal (Chrono Boost), High Templar x2  
  131  9:25  Probe x2  
  131  9:30  Protoss Ground Weapons Level 2 (Chrono Boost)  
  133  9:32  Fleet Beacon  
  133  9:44  High Templar  
  133  9:45  High Templar  
  137  9:46  Zealot x2  
  141  9:54  Pylon  
  141  9:55  Archon  
  141  9:56  Pylon  
  141  9:59  Pylon  
  141  10:02  Pylon  
  141  10:04  Pylon  
  141  10:22  Nexus  
  141  10:24  Pylon  
  141  10:26  Pylon  
  141  10:28  Pylon  
  141  10:40  High Templar x2  
  141  10:41  High Templar x4  
  153  10:43  Zealot x5  
  153  10:45  Archon x2  
  153  10:46  Archon  
  163  11:05  Warp Prism  
  165  11:13  Shield Battery  
  165  11:15  Shield Battery  
  165  11:17  Shield Battery  
  165  11:19  Shield Battery  
  165  11:22  Shield Battery  
  165  11:26  Photon Cannon  
  165  11:27  Protoss Ground Armor Level 2 (Chrono Boost)  
  165  11:28  Stargate  
  165  11:29  Photon Cannon  
  165  11:30  Stargate, Photon Cannon  
  165  11:32  Stargate, Photon Cannon  
  165  11:34  Stargate, Photon Cannon  
  165  11:36  Protoss Shields Level 1 (Chrono Boost)  
  165  11:42  Observer  
  166  12:07  Immortal  
  120  12:45  Zealot  
  120  12:46  Zealot x5  
  120  12:47  Zealot x5  
  128  13:10  High Templar x2  
  128  13:11  High Templar x5  
  128  13:12  High Templar  
  132  13:14  High Templar  
  132  13:15  Zealot x2  
  132  13:17  Archon x2  
  132  13:19  Archon  
  124  13:38  Probe x3  
  124  13:41  Immortal  
  131  13:45  Robotics Facility  
  131  13:49  Assimilator  
  131  13:53  Assimilator  
  131  14:18  Void Ray  
  131  14:19  Void Ray x3  
  131  14:20  Void Ray, Immortal  
  155  14:30  Zealot x2  
  155  14:31  Zealot x5  
  163  14:32  Zealot x4  
  177  14:45  Immortal  
  181  14:46  Protoss Ground Weapons Level 3 (Chrono Boost)  
  181  14:50  Protoss Ground Armor Level 3 (Chrono Boost)  
  181  15:24  Carrier x2  
  193  15:29  Nexus  
  193  15:32  Assimilator  
  193  15:36  Assimilator  
  193  15:38  Pylon  
  193  15:40  Pylon  
  193  15:42  Mothership (Chrono Boost)  
  193  15:43  Pylon  
  197  16:24  Shield Battery  
  197  16:26  Shield Battery  
  197  16:27  Shield Battery  
  197  16:30  Shield Battery  
  197  16:33  Shield Battery  
  197  16:34  Photon Cannon  
  197  16:35  Photon Cannon  
  197  16:38  Photon Cannon  
  197  16:40  Photon Cannon  
  197  16:42  Photon Cannon  
  197  16:44  Photon Cannon  
  197  16:50  Protoss Air Weapons Level 1  
  197  17:40  Protoss Shields Level 2 (Chrono Boost)  
  197  17:50  Cybernetics Core  
  195  18:03  Zealot x4  
  195  18:04  Zealot x2  
  196  18:13  Stalker  
  196  18:22  Stalker  
  196  18:27  Stalker  
  143  19:06  High Templar x5  
  143  19:07  High Templar x6  
  167  19:11  Archon  
  167  19:12  Archon x4  
  167  19:53  Zealot x2  
  171  19:54  Zealot  
Tags
 
Add a new tag
Caveats
  • Supply blocks, unpowered buildings, or Contaminate may cause inaccurate times.
  • Supply counts are checked every 10 seconds.